 Dungeon Crawl Stone Soup version 0.25-a0-403-g49d089a (webtiles) character file.

Game seed: 12592330678769838280, levelgen mode: deterministic

5124 Firecrotchwizard the Basher (level 10, -2/64 HPs)
             Began as a Gargoyle Fighter on Jan 10, 2020.
             Was a Believer of Makhleb.
             Slain by a hippogriff (6 damage)
             ... on level 8 of the Dungeon.
             The game lasted 00:16:50 (8179 turns).

Firecrotchwizard the Basher (Gargoyle Fighter)      Turns: 8179, Time: 00:16:51

Health: -2/64      AC: 26    Str: 22    XL:     10   Next: 58%
Magic:  13/13      EV:  7    Int: 10    God:    Makhleb [**....]
Gold:   163        SH: 11    Dex:  9    Spells: 9/9 levels left

rFire    . . .     SeeInvis .   a - +0 flail
rCold    . . .     Gourm    .   c - +0 shield
rNeg     + . .     Faith    .   A - +0 plate armour
rPois    ∞         Spirit   .   (no helmet)
rElec    +         Reflect  .   r - +2 cloak
rCorr    .         Harm     .   (no gloves)
MR       .....                  (no boots)
Stlth    ..........             (no amulet)
HPRegen  0.20/turn              s - +2 ring of evasion
MPRegen  0.13/turn              v - +3 ring of protection

@: no status effects
A: negative energy resistance 1, electricity resistance, unbreathing,
petrification resistance, rot immunity, AC +7
a: Minor Destruction, Renounce Religion


You were on level 8 of the Dungeon.
You worshipped Makhleb.
Makhleb was pleased with you.
You were not hungry.

You visited 2 branches of the dungeon, and saw 9 of its levels.

You collected 365 gold pieces.
You spent 202 gold pieces at shops.

Inventory:

Hand Weapons
 a - a +0 flail (weapon)
 w - a +1 whip of freezing
   (You took it off Pikel on level 4 of the Dungeon)
Missiles
 l - 15 poisoned darts
 t - a throwing net {=f, !d}
Armour
 b - a +0 scale mail
 c - a +0 shield (worn)
 g - a +2 chain mail of cold resistance
   (You bought it in a shop on level 4 of the Dungeon)
 r - a +2 cloak (worn)
   (You found it on level 2 of the Dungeon)
 A - a +0 plate armour (worn)
   (You took it off an orc warrior on level 8 of the Dungeon)
Jewellery
 s - a +2 ring of evasion (left hand)
   (You found it on level 5 of the Dungeon)
 v - a +3 ring of protection (right hand)
   (You found it on level 8 of the Dungeon)
Wands
 e - a wand of digging (4)
   (You found it on level 5 of the Dungeon)
 o - a wand of random effects (18)
   (You took it off Maurice on level 9 of the Dungeon)
 y - a wand of paralysis (4)
   (You found it on level 9 of the Dungeon)
Scrolls
 i - 3 scrolls of remove curse
 u - a scroll of enchant armour
 C - a scroll of teleportation
Potions
 d - 2 potions of might
 h - 3 potions of lignification {!q}
 j - 3 potions of curing
 k - 2 potions of magic {unknown}
 m - 5 potions of berserk rage {!q}
 n - 3 potions of agility
 q - a potion of cancellation
 x - a potion of mutation {!q}
 z - a potion of heal wounds
Comestibles
 f - 13 rations
 p - a chunk of flesh {@w0}
 B - 3 chunks of flesh {!w}


   Skills:
 + Level 8.2 Fighting
 * Level 9.9 Maces & Flails
 - Level 6.1 Armour
 + Level 8.3 Shields
 + Level 5.2 Invocations


You had 9 spell levels left.
You didn't know any spells.
Your spell library contained the following spells:

 Spells                   Type           Power        Failure   Level  Hunger
 Confusing Touch          Hex            #.......     100%        3    ####...
 Gell's Gravitas          Tloc           #.........   100%        3    ####...
 Petrify                  Tmut/Erth      #.......     100%        4    #####..
 Metabolic Englaciation   Hex/Ice        #.........   100%        5    ######.
 Yara's Violent Unravell  Hex/Tmut       #.........   100%        5    ######.


Dungeon Overview and Level Annotations

Branches:
Dungeon (9/15)             Temple (1/1) D:4
   Lair: D:8-11         Orc: D:9-12

Altars:
Ashenzari
Cheibriados
Dithmenos
Elyvilon
Fedhas
Gozag
Hepliaklqana
Kikubaaqudgha
Makhleb
Nemelex Xobeh
Okawaru
Qazlal
Ru
Sif Muna
Trog
Uskayaw
Vehumet
Wu Jian
Xom
Yredelemnul
Zin
The Shining One

Shops:
D:4 [   D:9 :

Annotations:
D:4 2 runed translucent doors, pigah's ghost, novice DrWn
D:5 1 runed translucent door, Pooter's ghost, novice MiFi


Innate Abilities, Weirdness & Mutations

You are resistant to torment.
Your stone body is resilient. (AC +7)
You are immune to poison.
You resist negative energy. (rN+)
You are resistant to electric shocks. (rElec)
You can survive without breathing.
You are immune to petrification.
You are immune to rotting.


Message History

The orc hits you but does no damage.
The orc warrior hits you from afar with a +0 glaive.
You take 1 damage, and have 63/64 hp.
You hit the necrophage. The necrophage barely misses you.
The orc hits you but does no damage.
You bludgeon the necrophage!!
The orc warrior hits you from afar with a +0 glaive.
You block the necrophage's attack. The orc barely misses you.
You take 1 damage, and have 62/64 hp.
Your plate armour prevents you from hitting the necrophage.
The orc warrior closely misses you. The necrophage barely misses you.
The orc hits you but does no damage. You block the hippogriff's attack. x2
The hippogriff claws you but does no damage.
You hit the necrophage.
The necrophage hits you but does no damage.
The orc hits you but does no damage. The orc warrior closely misses you.
The hippogriff bites you but does no damage.
The hippogriff pecks you but does no damage.
The hippogriff claws you.
You take 2 damage, and have 61/64 hp.
You closely miss the necrophage. The necrophage barely misses you.
The orc hits you but does no damage.
The orc priest looks satisfied for a moment.
The hippogriff bites you but does no damage.
The hippogriff pecks you but does no damage.
You block the hippogriff's attack.
You hit the necrophage.
You destroy the necrophage!
Makhleb accepts your kill.
You feel better. You block the orc warrior's attack.
You block the orc's attack. The hippogriff barely misses you.
You block the hippogriff's attack. The hippogriff barely misses you.
Health restored: 64 You sock the hippogriff!
You block the orc warrior's attack. The orc hits you but does no damage.
The orc priest hits you but does no damage.
The hippogriff bites you but does no damage.
The hippogriff pecks you. You block the hippogriff's attack.
You take 5 damage, and have 59/64 hp.
You sock the hippogriff!
The orc priest invokes the aid of Beogh against you.
Beogh smites you!
The orc warrior hits you from afar with a +0 glaive!
You block the orc's attack.
The orc priest mumbles some strange prayers to Beogh against you.
You struggle to resist.
The hippogriff bites you but does no damage.
The hippogriff pecks you but does no damage.
The hippogriff barely misses you.
You take 19 damage, and have 40/64 hp.
MASSIVE DAMAGE!!
You hit the orc priest. You block the orc's attack.
You block the hippogriff's attack.
The hippogriff pecks you but does no damage.
The hippogriff completely misses you.
You hit the orc priest.
The orc warrior hits you from afar with a +0 glaive.
The orc barely misses you.
The hippogriff bites you but does no damage.
The hippogriff barely misses you.
The hippogriff claws you but does no damage.
You take 1 damage, and have 39/64 hp.
You block the orc priest's attack.
There is an open door here.
The orc priest invokes the aid of Beogh against you.
Beogh smites you!
You take 13 damage, and have 27/64 hp.
MASSIVE DAMAGE!!
You block the orc priest's attack.
The orc priest calls down the wrath of Beogh upon you.
You are unaffected.
The orc priest invokes the aid of Beogh against you.
Pain shoots through your body! The hippogriff bites you.
* * * LOW HITPOINT WARNING * * *
The hippogriff pecks you but does no damage.
You block the hippogriff's attack.
There is a stone staircase leading up here.
You take 10 damage, and have 17/64 hp.
The orc priest invokes the aid of Beogh against you.
Beogh smites you!
* * * LOW HITPOINT WARNING * * *
The orc warrior hits you but does no damage.
The hippogriff bites you.
* * * LOW HITPOINT WARNING * * *
The hippogriff pecks you.
* * * LOW HITPOINT WARNING * * *
You block the hippogriff's attack.
You climb upwards.
There is a stone staircase leading down here.
You take 13 damage, and have 4/64 hp.
MASSIVE DAMAGE!!
You bludgeon the hippogriff!!
The hippogriff bites you but does no damage.
The hippogriff closely misses you.
The hippogriff claws you but does no damage.
You closely miss the hippogriff. The hippogriff barely misses you.
You block the hippogriff's attack.
The hippogriff claws you but does no damage.
You closely miss the hippogriff. The hippogriff bites you.
You die...

### ### ### ##.#
#.#####.# #### ..##
##.#....## #..# .##
##.##....# ##.## .##
##.####...## #..###
#.## #.## #....#
###.#.# ##.###.#
#....####....# ##...##
##....#......# #...#
#..H@.....### # ##..#
#........#.# ## #..#
#.......#.## .###..###
##........##
........####.........#
...####.............##
#)##
####...........### ..#
##......###..#..# .##
##......## #..####


You could see a hippogriff.

Vanquished Creatures
  Harold (D:8)
  A two-headed ogre (D:9)
  Pikel (D:4)
  Maurice (D:9)
  Psyche (D:9)
  Prince Ribbit (D:8)
  A wraith (D:8)
  2 water moccasins (D:9)
  An orc warrior (D:8)
  A phantom (D:9)
  A necrophage (D:9)
  5 ogres
  A crocodile (D:8)
  A big kobold (D:8)
  A bullfrog (D:8)
  A scorpion (D:9)
  A wight (D:8)
  A howler monkey (D:5)
  5 crimson imps
  A quasit (D:8)
  A jelly (D:5)
  4 hounds
  3 bullfrog skeletons
  A centaur skeleton (D:8)
  A gnoll shaman (D:8)
  4 worker ants
  3 iguanas
  3 orc wizards
  A hound zombie (D:8)
  A howler monkey zombie (D:8)
  A worker ant zombie (D:9)
  7 gnolls
  12 adders
  A shadow imp (D:5)
  An ooze (D:1)
  An adder zombie (D:8)
  4 adder skeletons
  5 worms
  2 dart slugs
  7 leopard geckos
  9 orcs
  5 giant cockroaches
  6 hobgoblins
  15 jackals
  3 quokkas
  4 bats
  9 frilled lizards
  5 goblins
  A jackal skeleton (D:5)
  8 kobolds
  A quokka skeleton (D:9)
  2 quokka zombies (D:5)
  10 rats
170 creatures vanquished.

Vanquished Creatures (others)
  A leopard gecko (D:4)
  A frilled lizard (D:4)
2 creatures vanquished.

Grand Total: 172 creatures vanquished

Notes
Turn   | Place    | Note
-------+----------+-------------------------------------------
     0 | D:1      | Firecrotchwizard the Gargoyle Fighter began the quest for
                  | the Orb.
     0 | D:1      | Reached XP level 1. HP: 14/14 MP: 1/1
    73 | D:1      | Reached XP level 2. HP: 11/19 MP: 2/2
   467 | D:1      | Reached XP level 3. HP: 23/23 MP: 3/3
  1160 | D:2      | Reached skill level 3 in Maces & Flails
  1160 | D:2      | Reached XP level 4. HP: 27/29 MP: 4/4
  1186 | D:2      | HP: 5/29 [gnoll/+0 halberd (4)]
  1931 | D:3      | Reached skill level 4 in Fighting
  1931 | D:3      | Reached skill level 4 in Shields
  1946 | D:3      | Reached XP level 5. HP: 25/33 MP: 5/5
  2151 | D:3      | Reached skill level 4 in Armour
  2517 | D:3      | Noticed a moth of wrath
  2520 | D:3      | Found a bloodstained altar of Trog.
  2805 | D:4      | Reached skill level 4 in Maces & Flails
  2816 | D:4      | Reached XP level 6. HP: 30/39 MP: 6/6
  3466 | D:4      | Found Biul's Antique Armour Shoppe.
  3469 | D:4      | Bought a glowing chain mail for 202 gold pieces
  3589 | D:4      | Noticed a slave
  3592 | D:4      | Noticed Pikel
  3592 | D:4      | Noticed a slave
  3592 | D:4      | Noticed a slave
  3593 | D:4      | Noticed a slave
  3631 | D:4      | Killed Pikel
  3631 | D:4      | Reached skill level 5 in Fighting
  3631 | D:4      | Reached skill level 5 in Maces & Flails
  3631 | D:4      | Reached skill level 5 in Armour
  3631 | D:4      | Reached skill level 5 in Shields
  3631 | D:4      | Reached XP level 7. HP: 41/44 MP: 7/7
  3697 | D:4      | Found a staircase to the Ecumenical Temple.
  3719 | Temple   | Entered the Ecumenical Temple
  3796 | Temple   | Became a worshipper of Makhleb the Destroyer
  3907 | D:4      | Reached XP level 8. HP: 49/49 MP: 8/8
  3919 | D:4      | Found a large runed translucent door.
  3920 | D:4      | Found a large runed translucent door.
  3923 | D:4      | Noticed pigah's ghost (novice DrWn)
  4315 | D:5      | Entered Level 5 of the Dungeon
  4441 | D:5      | Found a runed translucent door.
  4443 | D:5      | Noticed Pooter's ghost (novice MiFi)
  4482 | D:5      | Reached skill level 6 in Maces & Flails
  4911 | D:5      | Found a blossoming altar of Fedhas.
  5044 | D:5      | Reached * piety under Makhleb
  5117 | D:5      | Reached skill level 6 in Shields
  5594 | D:6      | You fall into a shaft and drop 2 floors!
  5617 | D:8      | Reached skill level 6 in Fighting
  5617 | D:8      | Reached skill level 6 in Armour
  5686 | D:8      | Reached skill level 7 in Maces & Flails
  5784 | D:8      | Reached skill level 1 in Invocations
  5800 | D:8      | Reached XP level 9. HP: 50/56 MP: 8/10
  6100 | D:8      | Reached skill level 2 in Invocations
  6205 | D:8      | Reached ** piety under Makhleb
  6415 | D:8      | Noticed Prince Ribbit
  6528 | D:8      | Noticed Harold
  6551 | D:8      | Killed Harold
  6551 | D:8      | Reached skill level 7 in Fighting
  6551 | D:8      | Reached skill level 8 in Maces & Flails
  6551 | D:8      | Reached skill level 7 in Shields
  6551 | D:8      | Reached skill level 3 in Invocations
  7128 | D:8      | Killed Prince Ribbit
  7128 | D:8      | Reached skill level 4 in Invocations
  7545 | D:9      | Noticed a two-headed ogre
  7558 | D:9      | Killed a two-headed ogre
  7558 | D:9      | Reached skill level 9 in Maces & Flails
  7558 | D:9      | Reached XP level 10. HP: 64/64 MP: 13/13
  7603 | D:9      | Found Rege's Book Shop.
  7690 | D:9      | Noticed Maurice
  7741 | D:9      | Killed Maurice
  7741 | D:9      | Reached skill level 8 in Fighting
  7741 | D:9      | Reached skill level 8 in Shields
  7935 | D:9      | Noticed Psyche
  7943 | D:9      | Killed Psyche
  7943 | D:9      | Reached skill level 5 in Invocations
  8175 | D:9      | HP: 7/64 [orc priest/divine providence (10)]
  8175 | D:9      | HP: 3/64 [hippogriff (2)]
  8179 | D:8      | Slain by a hippogriff

Levels and vault maps discovered:
D:1:      lightli_arrival_isolated_outpost, layout_basic
D:2:      layout_loops_ring
D:3:      cheibrodos_old_hovel, layout_rooms, first_ration,
          kennysheep_big_empty_room, tgw_trog
D:4:      minmay_door_path, layout_loops_ring, temple_fountains,
          ebering_ghost_disaster_area, serial_shops, kennysheep_mini, uniq_pikel
D:5:      minmay_inner_zag, layout_layer_cave, fedhas_altar_2,
          ebering_ghost_reflecting_pool
D:6:      layout_basic, moated_statue
D:8:      minmay_four_partial_circles, layout_layer_cave, uniq_harold,
          uniq_prince_ribbit1
D:9:      layout_gridville, serial_shops, shop, uniq_maurice, uniq_psyche
Temple:   compressed_dpeg_circular_temple

Skill      XL: |  1  2  3  4  5  6  7  8  9 10 |
---------------+-------------------------------+-----
Maces & Flails | 3 4 5 7 9 |  9.9
Fighting       | 4 5 6 7 8 |  8.2
Shields        | 4 5 6 7 8 |  8.3
Armour         | 4 5 6 |  6.1
Invocations    | 1 4 5 |  5.2

Action                   |  1- 3 |  4- 6 |  7- 9 | 10-12 || total
-------------------------+-------+-------+-------+-------++-------
Melee: Flail             |   175 |   320 |   315 |   137 ||   947
       Whip              |       |       |   174 |       ||   174
Throw: Dart              |       |     3 |     3 |       ||     6
Invok: Minor Destruction |       |       |    11 |    11 ||    22
Evoke: Wand              |       |       |       |     1 ||     1
  Use: Scroll            |       |       |    18 |       ||    18
 Stab: Paralysed         |       |       |       |     6 ||     6
  Eat: Chunk             |     1 |     4 |    11 |     3 ||    19
       Ration            |       |     1 |     1 |       ||     2
Armor: Scale mail        |   112 |   150 |       |       ||   262
       Chain mail        |       |    13 |   102 |       ||   115
       Plate armour      |       |       |   114 |    74 ||   188
Dodge: Dodged            |    65 |   109 |   130 |    30 ||   334
Block: Shield            |    99 |   143 |   246 |    80 ||   568

Table legend:
 A = Non-vault XP
 B = Vault XP
 C = Vault XP percentage of total XP
 D = Non-vault monster count
 E = Vault monster count
 F = Vault count percentage of total count
                 A         B        C        D         E       F
            +---------+---------+-------+---------+---------+-------
      Total |    3539 |    3782 |  51.7 |     139 |      31 |  18.2
            +---------+---------+-------+---------+---------+-------
        D:1 |      71 |       0 |   0.0 |      31 |       0 |   0.0
        D:2 |      60 |       0 |   0.0 |      15 |       0 |   0.0
        D:3 |      95 |      30 |  24.0 |      21 |       6 |  22.2
        D:4 |     260 |     698 |  72.9 |      13 |       2 |  13.3
        D:5 |     529 |     106 |  16.7 |      26 |       3 |  10.3
        D:6 |      50 |       0 |   0.0 |       1 |       0 |   0.0
        D:8 |     723 |    2021 |  73.7 |      17 |      18 |  51.4
        D:9 |    1751 |     927 |  34.6 |      15 |       2 |  11.8
            +---------+---------+-------+---------+---------+-------

Levels and vault maps discovered:
D:1:      lightli_arrival_isolated_outpost, layout_basic
D:2:      layout_loops_ring
D:3:      cheibrodos_old_hovel, layout_rooms, first_ration,
          kennysheep_big_empty_room, tgw_trog
D:4:      minmay_door_path, layout_loops_ring, temple_fountains,
          ebering_ghost_disaster_area, serial_shops, kennysheep_mini, uniq_pikel
D:5:      minmay_inner_zag, layout_layer_cave, fedhas_altar_2,
          ebering_ghost_reflecting_pool
D:6:      layout_basic, moated_statue
D:8:      minmay_four_partial_circles, layout_layer_cave, uniq_harold,
          uniq_prince_ribbit1
D:9:      layout_gridville, serial_shops, shop, uniq_maurice, uniq_psyche
Temple:   compressed_dpeg_circular_temple

Table legend:
 A = Turns spent in this place as a percentage of turns spent in the entire game.
 B = Non-inter-level travel turns spent in this place as a percentage of non-inter-level travel turns spent in the entire game.
 C = Inter-level travel turns spent in this place as a percentage of turns spent in this place.
 D = Turns resting spent in this place as a percentage of non-inter-level travel turns spent in this place.
 E = Turns spent auto-exploring this place as a percentage of non-inter-level travel turns spent in this place.
 F = Non-inter-level travel turns spent in this place divided by the number of levels of this place that you've seen.
                   A       B       C       D       E      F
               +-------+-------+-------+-------+-------+----------------------
         Total | 100.0 | 100.0 |   3.9 |  18.7 |  57.0 | 873.7
       Dungeon |  98.9 |  99.0 |   3.8 |  18.9 |  56.6 | 973.2
        Temple |   1.1 |   1.0 |  11.5 |   0.0 |  94.8 |  77.0
               +-------+-------+-------+-------+-------+----------------------

Table legend:
 A = Kills in this place as a percentage of kills in entire the game.
 B = Kills by you in this place as a percentage of kills by you in the entire game.
 C = Kills by friends in this place as a percentage of kills by friends in the entire game.
 D = Other kills in this place as a percentage of other kills in the entire game.
 E = Experience gained in this place as a percentage of experience gained in the entire game.
 F = Experience gained in this place divided by the number of levels of this place that you have seen.
                   A       B       C       D       E      F
               +-------+-------+-------+-------+-------+----------------------
         Total | 100.0 | 100.0 |   N/A |   N/A | 100.0 | 813.4
       Dungeon | 100.0 | 100.0 |   N/A |   N/A | 100.0 | 915.1
               +-------+-------+-------+-------+-------+----------------------
